 Dungeon Crawl Stone Soup version 0.15-a0-1854-g6489380 (webtiles) character file.

5072 Chiseanne the Thaumaturge (level 10, -1/69 HPs)
             Began as a Centaur Wizard on July 3, 2014.
             Was a Priest of Vehumet.
             Slain by an unseen horror (7 damage)
             ... on Level 7 of the Dungeon.
             The game lasted 00:50:21 (15186 turns).

Chiseanne the Thaumaturge (Centaur Wizard)         Turns: 15186, Time: 00:50:22

HP  -1/69        AC 10     Str 10      XL: 10   Next: 31%
MP  15/26        EV 17     Int 20      God: Vehumet [***...]
Gold 84          SH  0     Dex 13      Spells:  7 memorised,  9 levels left

rFire  . . .     SeeInvis .     a - +2 whip (venom)
rCold  . . .     Clarity  .     d - +3 leather armour
rNeg   . . .     rCorr    .     (no shield)
rPois  .         rRot     .     m - +0 helmet (curse)
rElec  .         Spirit   .     g - +0 cloak
SustAb +         Warding  .     f - +0 pair of gloves
rMut   .         Stasis   .     (no barding)
Gourm  .                        (no amulet)
MR     .....                    e - +3 ring of evasion
                                k - ring of sustain abilities

@: agile, repel missiles, very quick, not resistant to hostile enchantments,
unstealthy
A: hooves 3, deformed body, speed 2, tough skin 3
a: Renounce Religion


You were on level 7 of the Dungeon.
You worshipped Vehumet.
Vehumet was most pleased with you.
You were not hungry.

You visited 2 branches of the dungeon, and saw 9 of its levels.

You collected 552 gold pieces.
You spent 468 gold pieces at shops.

Inventory:

Hand weapons
 a - a +2 whip of venom (weapon)
 s - the +4 short sword of the Gloaming {speed, rElec rPois rF-}
   (You found it on level 8 of the Dungeon)

   Attacks with this weapon are significantly faster.
   It makes you vulnerable to fire.
   It insulates you from electricity.
   It protects you from poison.
 w - a +0 blowgun
Missiles
 i - 8 arrows of frost
 p - 160 arrows
 q - 118 bolts
 t - 41 poisoned needles
 x - 11 tomahawks (quivered)
 y - 85 sling bullets
Armour
 d - a +3 leather armour (worn)
 f - a +0 pair of gloves (worn)
 g - a +0 cloak (worn)
 m - a cursed +0 helmet (worn)
Magical devices
 b - a wand of disintegration (9)
Comestibles
 n - 4 meat rations
 z - 5 bread rations
 C - 4 beef jerkies
Scrolls
 v - 5 scrolls of remove curse
Jewellery
 e - a +3 ring of evasion (right hand)
 k - a ring of sustain abilities (left hand)
Potions
 h - a potion of cure mutation
 j - 2 potions of lignification
 l - 4 potions of haste
 o - 4 potions of agility
 r - 10 potions of curing
 u - a potion of brilliance
 A - a potion of flight
 B - a potion of mutation
 G - a potion of resistance {unknown}
 H - a potion of might
Books
 c - a book of Minor Magic

   Spells                             Type                      Level
   *Magic Dart                        Conjuration                  1
   *Blink                             Translocation                2
   Call Imp                           Summoning                    2
   *Repel Missiles                    Charms/Air                   2
   Slow                               Hexes                        2
   *Conjure Flame                     Conjuration/Fire             3
   *Mephitic Cloud                    Conjuration/Poison/Air       3


   Skills:
 - Level 1.3 Dodging
 - Level 1.2 Stealth
 * Level 9.3 Spellcasting
 * Level 9.3 Conjurations
   Level 0.8 Summonings
 - Level 0.8 Translocations


You had 9 spell levels left.
You knew the following spells:

 Your Spells              Type           Power        Failure   Level  Hunger
a - Magic Dart            Conj           ####         1%          1    None
b - Conjure Flame         Conj/Fire      ####....     1%          3    None
c - Mephitic Cloud        Conj/Pois/Air  ###.....     2%          3    None
d - Stone Arrow           Conj/Erth      ####..       1%          3    None
e - Iskenderun's Mystic   Conj           #####...     1%          4    ###....
f - Blink                 Tloc           N/A          10%         2    None
g - Repel Missiles        Chrm/Air       #.....       14%         2    None


Dungeon Overview and Level Annotations

Branches:
Dungeon (8/15)             Temple (1/1) D:4
   Lair: D:8-11

Altars:
Ashenzari
Cheibriados
Dithmenos
Elyvilon
Fedhas
Gozag
Kikubaaqudgha
Makhleb
Nemelex Xobeh
Okawaru
Qazlal
Sif Muna
Trog
Vehumet
Xom
Yredelemnul
Zin
The Shining One

Shops:
D:8 !


Innate Abilities, Weirdness & Mutations

You have hooves in place of feet.
Armour fits poorly on your strangely shaped body.
You cover ground very quickly.
You have extremely tough skin (AC +3).


Message History

Aiming: Iskenderun's Mystic Blast
Press: ? - help, Shift-Dir - straight line The orb of energy explodes!
Something hits you but does no damage. Something hits you but does no damage.
Something hits you but does no damage. Something hits you.
You miss something. You kick something! Something hits you but does no damage.
Something hits you!
* * * LOW HITPOINT WARNING * * *
Something hits you.
* * * LOW HITPOINT WARNING * * *
Drink which item? (? for menu, Esc to quit)
You feel agile all of a sudden. Something hits you.
* * * LOW HITPOINT WARNING * * *
Something barely misses you.
Read which item? (? for menu, Esc to quit)
Okay, then.
Something hits you!
You die...

##### ##...#####
#...@....#
#########
##'#####.#
#........ # #.#
#........ #.#
#........
#.####........
#....#........
#....#........
####....#........
.........'........


There were no monsters in sight!

Vanquished Creatures
  The ghost of letownia the Spear-Bearer, an experienced MfSk (D:7)
  Grinder (D:6)
  6 sky beasts
  4 ogres
  An ice beast (D:6)
  A black bear (D:5)
  2 phantoms
  4 orc warriors
  3 centaurs
  4 giant frogs (D:6)
  3 scorpions
  10 killer bees
  4 crimson imps
  2 goliath beetles
  3 jellies
  2 giant frog zombies (D:8)
  A giant frog skeleton (D:4)
  4 orc priests
  A black bear zombie (D:8)
  A centaur skeleton (D:8)
  8 orc wizards
  8 hounds
  6 worker ants
  3 iguanas
  A mummy (D:6)
  A hound skeleton (D:7)
  3 gnolls (D:8)
  9 adders
  A giant mite (D:4)
  An inept item mimic (D:3)
  A shadow imp (D:8)
  3 worms
  An iguana skeleton (D:5)
  An orc skeleton (D:5)
  9 giant geckos
  An ooze (D:4)
  33 orcs
  2 ball pythons
  16 bats
  A bat skeleton (D:4)
  2 bat zombies
  7 giant cockroaches
  10 hobgoblins
  2 jackals (D:3)
  21 kobolds
  A ball python skeleton (D:5)
  4 giant newts
  2 giant spores
  13 goblins
  2 goblin skeletons
  A goblin zombie (D:5)
  A hobgoblin zombie (D:8)
  2 orc zombies
  6 quokkas
  25 rats
  A rat skeleton (D:4)
  A rat zombie (D:5)
  2 ballistomycetes (D:8)
270 creatures vanquished.

Vanquished Creatures (collateral kills)
  Prince Ribbit (D:7)
  A big kobold (D:8)
  An orc priest (D:7)
  An orc (D:7)
  2 kobolds (D:8)
6 creatures vanquished.

Vanquished Creatures (others)
  A human (D:4)
1 creature vanquished.

Grand Total: 277 creatures vanquished

Notes
Turn   | Place    | Note
--------------------------------------------------------------
     0 | D:1      | Chiseanne, the Centaur Wizard, began the quest for the Orb.
     0 | D:1      | Reached XP level 1. HP: 14/14 MP: 3/3
   149 | D:1      | Reached skill level 1 in Conjurations
   589 | D:1      | Reached XP level 2. HP: 20/20 MP: 0/5
   863 | D:1      | Reached skill level 3 in Spellcasting
  1400 | D:2      | Reached XP level 3. HP: 16/26 MP: 0/8
  1793 | D:2      | Learned a level 3 spell: Conjure Flame
  1797 | D:2      | Learned a level 3 spell: Mephitic Cloud
  2155 | D:2      | Reached XP level 4. HP: 33/33 MP: 3/9
  2208 | D:2      | Learned a level 2 spell: Blink
  3131 | D:3      | Found a snail-covered altar of Cheibriados.
  3534 | D:3      | Reached skill level 4 in Spellcasting
  3905 | D:3      | Reached XP level 5. HP: 38/38 MP: 8/12
  3930 | D:3      | Learned a level 2 spell: Repel Missiles
  5771 | D:4      | Reached XP level 6. HP: 45/45 MP: 8/14
  6033 | D:4      | Found a staircase to the Ecumenical Temple.
  6050 | Temple   | Entered the Ecumenical Temple
  6114 | Temple   | Became a worshipper of Vehumet
  6524 | D:4      | HP: 1/45 [orc priest/divine providence (10)]
  6843 | D:4      | Found an ancient bone altar of Kikubaaqudgha.
  6843 | D:4      | Noticed a human
  6847 | D:4      | Killed a human
  7438 | D:3      | Reached skill level 5 in Spellcasting
  7645 | D:4      | Reached XP level 7. HP: 31/50 MP: 5/17
  7898 | D:5      | Entered Level 5 of the Dungeon
  8110 | D:5      | Acquired Vehumet's first power
  8110 | D:5      | Offered knowledge of Freeze by Vehumet.
  8944 | D:5      | Reached skill level 5 in Conjurations
  8986 | D:5      | Found a sparkling altar of Nemelex Xobeh.
  9033 | D:5      | Reached skill level 6 in Spellcasting
  9251 | D:6      | Reached XP level 8. HP: 47/57 MP: 14/20
  9364 | D:6      | Noticed Grinder
  9364 | D:6      | Paralysed by Grinder for 3 turns
  9961 | D:6      | Found a white marble altar of Elyvilon.
 10140 | D:6      | Offered knowledge of Throw Flame by Vehumet.
 10458 | D:6      | Reached skill level 7 in Spellcasting
 10866 | D:6      | Reached XP level 9. HP: 41/62 MP: 8/23
 11220 | D:7      | Found a shadowy altar of Dithmenos.
 11221 | D:7      | Found a bloodstained altar of Trog.
 11221 | D:7      | Found a white marble altar of Elyvilon.
 11221 | D:7      | Found a deep blue altar of Sif Muna.
 11223 | D:7      | Found an iron altar of Okawaru.
 11223 | D:7      | Found a blossoming altar of Fedhas.
 11248 | D:7      | Noticed letownia's ghost (experienced MfSk)
 11263 | D:7      | Got a shimmering ring mail
 11358 | D:7      | Identified the +1 ring mail "Uteditim" {Stlth++} (You found it on level 7 of the Dungeon)
 11425 | D:7      | Killed letownia's ghost
 11488 | D:7      | Reached skill level 8 in Spellcasting
 11983 | D:7      | Noticed Prince Ribbit
 12012 | D:7      | Killed Prince Ribbit
 12050 | D:8      | Offered knowledge of Stone Arrow by Vehumet.
 12560 | D:8      | Acquired Vehumet's second power
 13009 | D:8      | Learned a level 3 spell: Stone Arrow
 13104 | D:8      | Found Uloek's Distillery.
 13160 | D:8      | Bought 2 potions of haste for 168 gold pieces
 13160 | D:8      | Bought a potion of agility for 30 gold pieces
 13160 | D:8      | Bought a potion of curing for 24 gold pieces
 13160 | D:8      | Bought a potion of might for 30 gold pieces
 13160 | D:8      | Bought a potion of curing for 24 gold pieces
 13160 | D:8      | Bought a potion of haste for 84 gold pieces
 13160 | D:8      | Bought a potion of haste for 84 gold pieces
 13160 | D:8      | Bought a potion of strong poison for 24 gold pieces
 13322 | D:8      | Reached XP level 10. HP: 45/69 MP: 12/26
 13838 | D:8      | Reached skill level 9 in Spellcasting
 13865 | D:8      | Got a warped short sword
 13871 | D:8      | Identified the +4 short sword of the Gloaming {speed, rElec rPois rF-} (You found it on level 8 of the Dungeon)
 14069 | D:7      | Offered knowledge of Iskenderun's Mystic Blast by Vehumet.
 14204 | D:7      | Learned a level 4 spell: Iskenderun's Mystic Blast
 14674 | D:6      | Killed Grinder
 15186 | D:7      | Slain by an unseen horror

Action                   |  1- 3 |  4- 6 |  7- 9 | 10-12 || total
-------------------------+-------+-------+-------+-------++-------
Melee: Unarmed           |    13 |       |       |       ||    13
       Club              |     2 |       |       |       ||     2
       Short sword       |    15 |    38 |    25 |    13 ||    91
       Cutlass           |       |       |    37 |       ||    37
       Whip              |       |       |       |    19 ||    19
 Fire: Blowgun           |       |       |    24 |       ||    24
Throw: Tomahawk          |       |       |     1 |       ||     1
 Cast: Magic Dart        |    95 |   278 |   467 |    81 ||   921
       Repel Missiles    |       |     1 |     1 |       ||     2
       Conjure Flame     |       |     3 |     8 |     3 ||    14
       Mephitic Cloud    |       |       |    11 |     3 ||    14
       Stone Arrow       |       |       |       |    19 ||    19
       Iskenderun's Myst |       |       |       |    16 ||    16
Evoke: Wand              |       |     1 |    15 |       ||    16
  Use: Scroll            |       |     8 |    14 |     2 ||    24
       Potion            |       |     1 |     3 |     1 ||     5
